 Dungeon Crawl Stone Soup version 0.20-a0-842-g939b552 (webtiles) character file.

1241 M4edhros the Sneak (level 8, -3/52 HPs)
             Began as an Octopode Artificer on Mar 9, 2017.
             Was a Priest of Fedhas.
             Shot with an arrow by a centaur (20 damage)
             ... on level 7 of the Dungeon.
             The game lasted 00:11:03 (6789 turns).

M4edhros the Sneak (Octopode Artificer)             Turns: 6789, Time: 00:11:04

Health: -3/52      AC:  1    Str:  9    XL:     8   Next: 49%
Magic:  9/11       EV: 15    Int: 13    God:    Fedhas [***...]
Gold:   154        SH:  0    Dex: 15    Spells: 7/7 levels left

rFire    . . .     SeeInvis .   k - +4 hunting sling
rCold    . . .     Gourm    .   (no shield)
rNeg     . . .     Faith    .   (helmet restricted)
rPois    .         Spirit   .   (no amulet)
rElec    .         Reflect  .   o - ring of flight
rCorr    +         Harm     .   P - ring of resist corrosion
MR       .....                  (no ring)
Stlth    +++++.....             (no ring)
Regen    0.2/turn               (no ring)
MPRegen  0.2/turn               (no ring)
                                (no ring)
                                (no ring)

@: no status effects
A: almost no armour, stealthy swim, amphibious, 8 rings, constrict 8, camouflage
1, weak 1, gelatinous body 1
a: Fungal Bloom, Evolution, Sunlight, Growth, Renounce Religion, Evoke Flight


You were on level 7 of the Dungeon.
You worshipped Fedhas.
Fedhas was most pleased with you.
You were not hungry.

You visited 2 branches of the dungeon, and saw 8 of its levels.
You also visited: Ossuary.

You collected 236 gold pieces.
You spent 82 gold pieces at shops.

Inventory:

Hand Weapons
 i - a +1 short sword of venom
 k - a +4 hunting sling (weapon)
 x - a +0 trident of protection
 y - a +0 blowgun
 H - a +0 dagger of speed
 Q - a +0 quarterstaff of protection
Missiles
 a - 46 sling bullets
 p - 152 stones (quivered)
 A - 20 poisoned needles
Jewellery
 o - a ring of flight (left tentacle)
 P - a ring of resist corrosion (right tentacle)
Wands
 b - a wand of flame (34/48)
 c - a wand of enslavement (13/24)
 d - a wand of random effects (15/48)
 n - a wand of disintegration (8/24)
 B - a wand of confusion (34/48)
 F - a wand of confusion (27/48)
 O - a wand of flame (16/48)
Scrolls
 e - 4 scrolls of teleportation {unknown}
 g - 3 scrolls of identify
 j - 5 scrolls of enchant armour {unknown}
 l - 5 scrolls of remove curse
 t - 2 scrolls of fear {unknown}
 v - 3 scrolls of magic mapping {unknown}
 w - a scroll of blinking {unknown}
 C - 2 scrolls of immolation {unknown}
 E - a scroll of noise {unknown}
 I - a scroll of amnesia {unknown}
 K - a scroll of random uselessness {unknown}
 L - 3 scrolls of fog {unknown}
 N - a scroll of recharging
Potions
 h - 6 potions of magic {unknown}
 s - 3 potions of heal wounds {unknown}
 u - 3 potions of haste {unknown}
 z - 2 potions of degeneration {unknown}
 D - a potion of brilliance {unknown}
 J - 2 potions of resistance {unknown}
 M - 2 potions of ambrosia {unknown}
Books
 m - a book of Conjurations

   Spells                             Type                      Level
   a - Magic Dart                     Conjuration                  1
   b - Searing Ray                    Conjuration                  2
   c - Dazzling Spray                 Conjuration/Hexes            3
   d - Fulminant Prism                Conjuration/Hexes            4
   e - Force Lance                    Conjuration/Translocation    4
   f - Iskenderun's Mystic Blast      Conjuration                  4
Comestibles
 f - 2 bread rations
 q - 5 fruits
 r - 3 meat rations
 G - a royal jelly


   Skills:
 + Level 3.2 Fighting
 - Level 1.0 Short Blades
 * Level 4.2 Slings
 + Level 3.7 Dodging
 + Level 7.5 Stealth
 * Level 4.7 Invocations
 + Level 4.6 Evocations


You had 7 spell levels left.
You didn't know any spells.

Dungeon Overview and Level Annotations

Branches:
Dungeon (7/15)             Temple (1/1) D:4

Altars:
Ashenzari
Cheibriados
Dithmenos
Elyvilon
Fedhas
Gozag
Makhleb
Nemelex Xobeh
Okawaru
Qazlal
Ru
Sif Muna
Uskayaw
Wu Jian
Xom
Yredelemnul
Zin
The Shining One
Lugonu

Shops:
D:5 *?   D:6 [


Innate Abilities, Weirdness & Mutations

You cannot wear most types of armour.
You are very stealthy in the water. (Stealth+)
You are amphibious.
You can wear up to eight rings at the same time.
You can use your tentacles to constrict eight enemies at once.
Your skin changes colour to match your surroundings (Stealth+).
Your rubbery body absorbs attacks. (AC +1, EV +1)
You are weak. (Str -2)


Message History

The toadstool can now pick up its mycelia and move.
Your piety has decreased.
p - 152 stones (gained 2) Select plant or fungus to evolve.
Press: ? - help, Dir - move target cursor, f - toadstool, p - wandering mushroom
Aim: a toadstool (peaceful, can evolve into a wandering mushroom)
The floor.
The toadstool can now pick up its mycelia and move.
Your piety has decreased.
You start resting.
A nearby toadstool withers and dies. x2
You hear a twanging sound.
An arrow appears from out of your range of vision.
The arrow hits your wandering mushroom!
You swap places.
A centaur comes into view. It is wielding a shortbow.
The centaur shoots an arrow.
The arrow hits you!
The centaur shoots an arrow.
The arrow hits you!!
You die...
Fedhas appreciates your contribution to the ecosystem.

#########
#........
#############.#
........>....(####
##.##..####)@(..#
#.......#.ff.#c#
#.##..#.#..#.# # #
#..#.#..#.#
#..#<#..#.#
#..#.#..#.#
#..#.#..#=#
#..#.#..#.#
#..###.....


You could see a centaur and 2 friendly wandering mushrooms.

Vanquished Creatures
  Joseph (D:7)
  Duvessa (D:6)
  A big kobold (D:5)
  2 water moccasin skeletons (Ossuary)
  2 crimson imps (D:6)
  A jelly (D:5)
  An orc priest (D:4)
  A worker ant (D:4)
  2 iguanas
  3 big kobold skeletons (Ossuary)
  3 mummies
  Robin (D:3)
  8 adders
  2 shadow imps (D:5)
  An ooze (D:3)
  4 adder skeletons (Ossuary)
  A worm (D:2)
  4 dart slugs
  11 orcs
  6 bats
  5 giant cockroaches
  15 goblins
  9 hobgoblins
  2 jackals (D:3)
  8 kobolds
  3 quokkas
  3 ball pythons
  7 frilled lizards
  4 gnoll skeletons (Ossuary)
  A hobgoblin skeleton (Ossuary)
  A jackal zombie (D:5)
  7 kobold skeletons
  2 leopard gecko skeletons (D:5)
  5 orc skeletons
  A quokka skeleton (D:4)
  5 rats
134 creatures vanquished.

Vanquished Creatures (collateral kills)
  A sky beast (D:5)
  An ogre (D:5)
  Dowan (D:6)
  An orc wizard (D:6)
  An orc (D:4)
5 creatures vanquished.

Vanquished Creatures (others)
  2 wandering mushrooms
  A killer bee zombie (D:5)
  51 toadstools
54 creatures vanquished.

Grand Total: 193 creatures vanquished

Notes
Turn   | Place    | Note
-------+----------+-------------------------------------------
     0 | D:1      | M4edhros the Octopode Artificer began the quest for the Orb.
     0 | D:1      | Reached XP level 1. HP: 13/13 MP: 3/3
    94 | D:1      | Reached skill level 2 in Stealth
   476 | D:1      | Reached XP level 2. HP: 18/18 MP: 4/4
   481 | D:1      | Reached skill level 3 in Stealth
   497 | D:1      | Found a shattered altar of Ashenzari.
   713 | D:2      | Reached skill level 4 in Stealth
   866 | D:2      | Reached XP level 3. HP: 22/23 MP: 5/5
   969 | D:2      | Found a shimmering altar of Xom.
   981 | D:2      | Became a worshipper of Xom of Unknown Intention
  1222 | D:2      | XOM: silly message
  1373 | D:2      | XOM: god gift: chain mail {god gift}
  1382 | D:2      | XOM: noise
  1753 | D:3      | Reached skill level 5 in Stealth
  1811 | D:4      | Reached XP level 4. HP: 20/28 MP: 6/6
  1817 | D:4      | Found a staircase to the Ecumenical Temple.
  1843 | Temple   | Entered the Ecumenical Temple
  1861 | Temple   | XOM: mild Hex miscast
  1883 | Temple   | Fell from the grace of Xom
  1883 | Temple   | Became a worshipper of Fedhas Madash
  2678 | D:2      | XOM: severe Fire miscast
  3018 | D:2      | Reached skill level 1 in Invocations
  3170 | D:2      | XOM: give mutation
  3170 | D:2      | Gained mutation: You are weak. (Str -2) [Xom's mischief]
  3477 | D:3      | Found a glowing golden altar of the Shining One.
  3484 | D:3      | Reached * piety under Fedhas
  3512 | D:3      | Noticed Robin
  3513 | D:3      | Reached XP level 5. HP: 33/33 MP: 7/7
  3524 | D:3      | Killed Robin
  3810 | D:3      | Reached skill level 6 in Stealth
  3830 | D:3      | XOM: summons 2 hostile shadow creatures
  3940 | D:3      | XOM: summons 1 hostile demon
  4171 | D:4      | Reached skill level 1 in Slings
  4371 | D:4      | Found a hide-covered altar of Uskayaw.
  4422 | D:4      | XOM: summons 6 hostile demons
  4580 | D:5      | Entered Level 5 of the Dungeon
  4633 | D:5      | Found a stormy altar of Qazlal.
  4656 | D:5      | Reached XP level 6. HP: 23/38 MP: 8/8
  4680 | D:5      | Found an opulent altar of Gozag.
  4770 | D:5      | Found a sand-covered staircase.
  4787 | Ossuary  | Entered an ossuary
  4839 | Ossuary  | Reached ** piety under Fedhas
  5008 | Ossuary  | Reached *** piety under Fedhas
  5130 | Ossuary  | Reached XP level 7. HP: 34/45 MP: 9/9
  5245 | D:5      | XOM: cloud trail
  5299 | D:5      | Found Gozag's Platinum Reserve.
  5499 | D:5      | Found a shadowy altar of Dithmenos.
  5502 | D:5      | Found a snail-covered altar of Cheibriados.
  5505 | D:5      | Found a deep blue altar of Sif Muna.
  5527 | D:5      | Found Gisim's Magic Scroll Boutique.
  5538 | D:5      | Bought a scroll of enchant weapon for 82 gold pieces
  5628 | D:5      | Reached skill level 7 in Stealth
  6085 | D:6      | Noticed Duvessa
  6085 | D:6      | Noticed Dowan
  6090 | D:6      | XOM: medium Pois miscast
  6120 | D:6      | Killed Duvessa
  6120 | D:6      | XOM: noise
  6122 | D:6      | Killed Dowan
  6122 | D:6      | Reached XP level 8. HP: 29/51 MP: 11/11
  6211 | D:6      | Found Odoinonk's Antique Armour Emporium.
  6231 | D:6      | Found an ornate altar of the Wu Jian Council.
  6255 | D:6      | XOM: mild Pois miscast
  6347 | D:6      | XOM: silly message
  6732 | D:7      | Noticed Joseph
  6757 | D:7      | Killed Joseph
  6789 | D:7      | Shot with an arrow by a centaur

Vault maps used:
D:1:      co_arrival_random_square_maze, minmay_misc_feat_enclosed,
          ashenzari_altar_1
D:2:      xom_teletrap_fun
D:3:      lemuel_doored_altar, uniq_robin
D:4:      eat_drink_and_be_merry_uskayaw, minmay_temple_entry_overgrown,
          first_bread
D:5:      nicolae_overflow_crystal_walls, grunt_temple_overflow_diamond,
          nicolae_gozag_zags_fifth_avenue, serial_shops,
          nicolae_shop_waterfront, nicolae_ossuary_entry_giza,
          minmay_misc_feat_room
D:6:      nicolae_overflow_hidden_temple, serial_shops, nicolae_shop_trees,
          uniq_duvessa
D:7:      kennysheep_mini_moat, grunt_livestock, uniq_joseph
Temple:   corrupted_temple
Ossuary:  ossuary_tomb_2

Skill      XL: |  1  2  3  4  5  6  7  8 |
---------------+-------------------------+-----
Stealth        | 2 4 5 6 7 |  7.5
Invocations    | 1 2 4 |  4.7
Slings         | 1 2 3 4 |  4.2
Fighting       | 2 3 |  3.2
Evocations     | 4 |  4.6
Dodging        | 3 |  3.7
Short Blades   | |  1.0

Action                   |  1- 3 |  4- 6 |  7- 9 || total
-------------------------+-------+-------+-------++-------
Melee: Mace              |    59 |    82 |       ||   141
       Constrict         |    19 |    45 |    13 ||    77
       Short sword       |     5 |       |    11 ||    16
       Tentacles         |    12 |    30 |     7 ||    49
       Trident           |       |    93 |    40 ||   133
       Dagger            |       |       |     6 ||     6
 Fire: Hunting sling     |       |    30 |    62 ||    92
Invok: Fungal Bloom      |       |    18 |    11 ||    29
       Evolution         |       |     1 |     3 ||     4
       Sunlight          |       |       |     1 ||     1
Evoke: Wand              |     1 |     1 |     3 ||     5
  Use: Potion            |       |     4 |       ||     4
       Scroll            |       |     7 |     2 ||     9
 Stab: Sleeping          |     8 |    14 |     3 ||    25
       Distracted        |       |     1 |       ||     1
  Eat: Chunk             |     3 |     3 |       ||     6
       Royal jelly       |       |     2 |       ||     2
       Bread ration      |       |     1 |     1 ||     2
Armor: Skin              |     5 |    25 |     4 ||    34
Dodge: Dodged            |    47 |   108 |    40 ||   195
